AoeStats
← nicola.mainardi94

Arena

510619053Analyzed
2v2 RM · 1d ago on Oct 1, 2026· 35m 6s· 4 players
Game mode
Random Map
Map size
Medium (4 player)
Population
200
Speed
Normal
Resources
Standard
Victory
Conquest
Starting age
Dark Age
Ending age
Imperial Age
RankedLock teamsTeams togetherTeam positionsShared explorationLock speedFull tech treeHidden civsTurbo modeCheats
Victory
Defeat
🇫🇷 Franks · France
652
+18
🇮🇹 Burgundians · Italy
617
+19
🇦🇷 Romans · Argentina
725
-20
🇮🇳 Vietnamese · India
644
-17
Jalabert
13:32 Feudal Age
14:48 Wheelbarrow
14:01 Double-Bit Axe
15:17 Town Watch
17:59 Gold Mining
24:01 Castle Age
23:49 Stone Mining
25:00 Hand Cart
25:24 Gold Shaft Mining
25:55 Bow Saw
26:13 Scale Mail Armor
27:30 Caravan
28:58 Chain Mail Armor
29:41 Town Patrol
30:24 Ordonnance Companies
31:57 Forging
33:31 Squires
33:16 Arson
nicola.mainardi94
6:07 Loom
6:49 Double-Bit Axe
9:43 Wheelbarrow
13:55 Feudal Age
12:12 Horse Collar
17:11 Hand Cart
17:24 Bow Saw
17:17 Heavy Plow
19:29 Gold Mining
19:30 Stone Mining
23:57 Castle Age
22:33 Man-at-Arms
23:52 Forging
23:33 Fletching
24:21 Long Swordsman
25:55 Elite Skirmisher
26:48 Scale Mail Armor
26:49 Padded Archer Armor
28:36 Murder Holes
32:50 Ballistics
House of Huns
P4VO 5656
13:01 Feudal Age
15:53 Man-at-Arms
16:35 Scale Mail Armor
21:16 Castle Age
22:31 Long Swordsman
23:15 Squires
Connection lost

Rejoining the realm…

Still unreachable

The connection could not be restored.

Session expired

The server has moved on; the page needs a fresh start.